Map: Honorgrounds LE

Players

Railgan

  • Race: Zerg Zerg
  • League: Grandmaster
  • Spawn Location: 5:00

Lambo - Winner!

  • Race: Zerg Zerg
  • League: Grandmaster
  • Spawn Location: 7:00

VOD

Have the link to the VOD?

Description

Time

  • Played on: March 13, 2017, 4:14 p.m.
  • Length: 7:16
Show
View Real Time Build Order
Export as new Build Order

Railgan Zerg 

Build Orders: Hatch First 

Get SALT Encoding   

  12  0:01  Drone  
  13  0:13  Overlord  
  13  0:19  Drone  
  14  0:33  Drone x2  
  14  0:35  Drone  
  17  0:48  Drone  
  18  1:01  Hatchery  
  18  1:02  Drone  
  18  1:04  Extractor  
  17  1:16  Spawning Pool  
  17  1:18  Drone  
  17  1:21  Drone  
  18  1:28  Drone  
  19  1:39  Overlord  
  19  1:51  Drone  
  20  2:05  Queen  
  20  2:06  Zergling x2  
  23  2:13  Drone x2  
  23  2:15  Metabolic Boost, Queen  
  27  2:22  Drone  
  28  2:29  Drone  
  29  2:34  Baneling Nest  
  28  2:39  Drone x2  
  30  2:44  Queen  
  30  2:46  Overlord  
  30  2:48  Drone  
  33  2:54  Queen  
  33  2:58  Drone  
  36  3:05  Zergling x4  
  38  3:06  Zergling x2  
  39  3:14  Zergling x2  
  39  3:15  Overlord, Zergling x2  
  39  3:18  Zergling x2  
  42  3:20  Zergling x2  
  42  3:25  Baneling x3  
  43  3:29  Zergling x2  
  43  3:32  Zergling x2  
  43  3:40  Zergling x2  
  34  3:47  Queen  
  36  3:54  Drone x2  
  37  4:01  Drone x2  
  39  4:11  Drone  
  39  4:12  Drone  
  39  4:13  Overlord  
  41  4:17  Drone  
  38  4:28  Lair  
  39  4:31  Drone x2  
  39  4:35  Drone x2  
  42  4:43  Drone x2  
  42  5:00  Drone  
  42  5:01  Drone x3  
  42  5:05  Drone  
  42  5:06  Drone  
  47  5:08  Drone  
  47  5:10  Extractor  
  47  5:11  Extractor  
  47  5:12  Drone  
  47  5:13  Drone  
  47  5:16  Drone x2  
  49  5:23  Zergling x2  
  49  5:27  Zergling x2  
  51  5:29  Hydralisk Den  
  51  5:32  Drone  
  51  5:35  Extractor, Drone  
  50  5:36  Drone x2  
  50  5:38  Overlord  
  53  5:44  Baneling x2  
  53  5:46  Zergling x2  
  53  5:49  Hatchery  
  53  5:54  Drone x3  
  53  5:56  Zergling x2  
  53  5:57  Zergling x2  
  58  6:05  Drone x2  
  58  6:08  Evolution Chamber  
  58  6:10  Evolution Chamber  
  58  6:20  Drone  
  58  6:21  Drone x6  
  65  6:33  Overlord  
  65  6:42  Hydralisk  
  65  6:44  Overlord  
  67  6:55  Drone  
  67  6:56  Drone x2, Overlord  
Show
View Real Time Build Order
Export as new Build Order

Lambo Zerg - Winner!

Build Orders: Pool First, Zergling Baneling 

Get SALT Encoding   

  12  0:00  Drone  
  13  0:13  Overlord  
  13  0:17  Drone  
  14  0:32  Drone x2  
  16  0:39  Drone  
  17  0:45  Extractor  
  17  0:46  Drone  
  17  0:51  Spawning Pool  
  17  0:57  Drone  
  17  1:08  Drone  
  18  1:20  Drone  
  19  1:29  Drone  
  19  1:32  Hatchery  
  19  1:38  Queen  
  21  1:47  Metabolic Boost  
  21  1:53  Overlord  
  21  1:58  Zergling x2  
  22  2:06  Baneling Nest  
  22  2:08  Zergling x2  
  22  2:16  Queen  
  22  2:21  Zergling x2  
  25  2:26  Zergling x2  
  26  2:38  Zergling x2  
  27  2:44  Zergling x4  
  27  2:48  Zergling x6  
  32  2:55  Zergling x2  
  33  3:01  Baneling  
  33  3:02  Baneling x3  
  33  3:03  Overlord  
  33  3:09  Zergling x2  
  33  3:11  Drone  
  35  3:13  Baneling  
  35  3:24  Drone x3  
  37  3:30  Baneling  
  35  3:35  Drone  
  35  3:36  Drone  
  34  3:43  Drone x2  
  34  3:50  Zergling x4  
  34  3:51  Baneling x2  
  34  3:52  Drone  
  34  3:54  Drone  
  37  3:58  Drone  
  37  4:02  Drone  
  39  4:11  Zergling x2  
  40  4:18  Drone x4  
  43  4:27  Hatchery  
  43  4:28  Lair  
  42  4:36  Roach Warren, Evolution Chamber  
  40  4:40  Drone x3  
  42  4:48  Drone x2  
  43  4:54  Overlord  
  43  4:55  Extractor  
  43  4:56  Extractor  
  43  4:58  Overlord  
  40  5:01  Overlord  
  40  5:03  Drone x3  
  43  5:08  Zerg Missile Weapons Level 1  
  43  5:13  Drone x3  
  44  5:18  Drone  
  45  5:25  Drone x3  
  45  5:28  Roach x3  
  54  5:33  Overlord  
  54  5:36  Glial Reconstitution  
  54  5:40  Overlord  
  54  5:41  Roach  
  56  5:44  Queen  
  56  5:46  Roach  
  56  5:49  Roach  
  62  5:54  Overlord  
  62  5:55  Zergling x2  
  62  5:57  Roach  
  65  6:00  Overlord  
  65  6:02  Roach x2  
  69  6:07  Roach x2  
  69  6:11  Overlord  
  73  6:14  Overlord  
  73  6:16  Roach  
  73  6:18  Roach  
  77  6:19  Baneling  
  77  6:20  Baneling  
  77  6:22  Roach  
  79  6:26  Roach x2  
  79  6:29  Roach  
  79  6:31  Roach  
  87  6:33  Roach  
  87  6:37  Roach  
  93  6:40  Roach  
  93  6:42  Roach  
  97  6:47  Roach  
  97  6:49  Drone x4  
  97  6:51  Roach  
  103  6:54  Roach  
  103  6:55  Drone  
  103  6:58  Overlord  
Tags
 
Add a new tag
Caveats
  • Supply blocks, unpowered buildings, or Contaminate may cause inaccurate times.
  • Supply counts are checked every 10 seconds.